 Dungeon Crawl Stone Soup version 0.18.1-47-g9310371 (webtiles) character file.

48 spiff the Shooter (level 3, 0/17 HPs)
             Began as a Spriggan Arcane Marksman on June 23, 2016.
             Slain by an adder (4 damage)
             ... on level 2 of the Dungeon.
             The game lasted 00:02:29 (1313 turns).

spiff the Shooter (Spriggan Arcane Marksman)        Turns: 1313, Time: 00:02:30

Health: 0/17       AC:  2    Str:  7    XL:     3   Next: 50%
Magic:  6/6        EV: 18    Int: 14    God:
Gold:   33         SH:  0    Dex: 16    Spells: 1 memorised, 3 levels left

rFire  . . .     SeeInvis +     a - +0 shortbow
rCold  . . .     Gourm    .     b - +0 robe
rNeg   . . .     Faith    .     (shield currently unavailable)
rPois  .         Spirit   .     (helmet restricted)
rElec  .         Dismiss  .     (no cloak)
rCorr  .         Reflect  .     (gloves unavailable)
SustAt .         Harm     .     (boots unavailable)
MR     .....                    (no amulet)
Stlth  +.........               (no ring)
                                (no ring)

@: lethally poisoned (0 -> -9), very quick, not resistant to hostile
enchantments, very unstealthy
A: unfitting armour, see invisible, herbivore 3, speed 3, slow metabolism 2
a: no special abilities


You were on level 2 of the Dungeon.
You were not hungry.

You visited 1 branch of the dungeon, and saw 2 of its levels.

You collected 33 gold pieces.

Inventory:

Hand Weapons
 a - a +0 shortbow (weapon)
 l - a +0 dagger
 m - a +2 whip of venom
Missiles
 d - 9 arrows (quivered)
Armour
 b - a +0 robe (worn)
Scrolls
 e - a scroll of noise {unknown}
 i - a scroll of teleportation {unknown}
 j - 2 scrolls of identify {unknown}
 n - a scroll of magic mapping {unknown}
Potions
 g - a potion of might {unknown}
 k - 2 potions of brilliance {unknown}
Books
 c - a book of Debilitation

   Spells                             Type                      Level
   a - Corona                         Hexes                        1
   b - Slow                           Hexes                        2
   c - Gell's Gravitas                Hexes/Translocation          3
   d - Inner Flame                    Hexes/Fire                   3
   e - Cause Fear                     Hexes                        4
   f - Leda's Liquefaction            Hexes/Earth                  4
Comestibles
 f - a bread ration
 h - a royal jelly


   Skills:
 - Level 0.7 Fighting
 + Level 4.7 Bows
 - Level 3.0 Dodging
 - Level 1.3 Spellcasting
 - Level 3.6 Hexes


You had 3 spell levels left.
You knew the following spells:

 Your Spells              Type           Power        Failure   Level  Hunger
a - Corona                Hex            ##.....      10%         1    ##.....


Dungeon Overview and Level Annotations

Branches:
Dungeon (2/15)

Altars:


Innate Abilities, Weirdness & Mutations

You are tiny and cannot use many weapons and most armour.
You have supernaturally acute eyesight.
You are a herbivore.
You cover ground extremely quickly.
You need consume almost no food.


Message History

Aim: an adder (severely wounded)
You shoot an arrow. The arrow hits the adder.
The adder is almost dead.
The adder bites you.
* * * LOW HITPOINT WARNING * * *
You are lethally poisoned!
The adder poisons you! The adder completely misses you.
Firing (i - inventory):
d - 11 arrows (quivered)
Press: ? - help, Shift-Dir - straight line, f/p - adder
Aim: an adder (almost dead)
You shoot an arrow. The arrow closely misses the adder.
* * * LOW HITPOINT WARNING * * *
You feel sick. The adder closely misses you.
Firing (i - inventory):
d - 10 arrows (quivered)
Press: ? - help, Shift-Dir - straight line, f/p - adder
Aim: an adder (almost dead)
You shoot an arrow. The arrow barely misses the adder.
* * * LOW HITPOINT WARNING * * *
You feel sick. The adder bites you.
You die...

#.# ##.(# .# ..
##..# .##>.
#######..####....
##..............#
##......(.......##
#......S.........#
#.....@..%.......#..
#..................#
#..................#
#...................
##.................=
##!...............=
#..##.###.........
#.# #.. ..#.#.....
#. ... ..........


You could see an adder.

Vanquished Creatures
  Natasha (D:2)
  A worm (D:1)
  2 giant geckos
  3 bats
  2 goblins (D:1)
  6 hobgoblins (D:1)
  A kobold (D:1)
  A rat (D:1)
17 creatures vanquished.

Notes
Turn   | Place    | Note
--------------------------------------------------------------
     0 | D:1      | spiff the Spriggan Arcane Marksman began the quest for the Orb.
     0 | D:1      | Reached XP level 1. HP: 9/9 MP: 3/3
    53 | D:1      | Reached skill level 3 in Bows
   264 | D:1      | Reached XP level 2. HP: 14/14 MP: 5/5
  1222 | D:2      | Noticed Natasha
  1265 | D:2      | Reached skill level 4 in Bows
  1272 | D:2      | Killed Natasha
  1272 | D:2      | Reached XP level 3. HP: 10/17 MP: 6/6
  1313 | D:2      | Slain by an adder

Skill      XL: |  1  2 |
---------------+-------+-----
Bows           | 3 4 |  4.7
Fighting       | |  0.7
Dodging        | |  3.0
Spellcasting   | |  1.3
Hexes          | |  3.6

Action                   || total
-------------------------++-------
Melee: Club              ||    16
       Whip              ||    19
       Dagger            ||    11
 Fire: Shortbow          ||    35
 Cast: Corona            ||     6
Armor: Robe              ||     6
Dodge: Dodged            ||    48
